 Dungeon Crawl Stone Soup version 0.32-a0-933-ga8fa3634e4 (webtiles) character file.

Game seed: 13258169115602640500

334 GiantSquids the Apothecary (level 6, -1/36 HPs)
             Began as an Octopode Alchemist on Apr 15, 2024.
             Slain by Pikel
             ... wielding a +1 whip of freezing
              (4 damage)
             ... on level 6 of the Dungeon.
             The game lasted 00:08:03 (3499 turns).

GiantSquids the Apothecary (Octopode Alchemist)     Turns: 3499, Time: 00:08:04

Health: -1/36      AC:  1    Str:  8    XL:     6   Next: 53%
Magic:  3/11       EV: 12    Int: 25    God:
Gold:   159        SH:  0    Dex: 12    Spells: 8/12 levels left

rFire   . . .        h - +1 dagger (venom)
rCold   . . .        (no shield)
rNeg    . . .        (helmet restricted)
rPois   .            (no amulet)
rElec   .            e - +6 ring of intelligence
rCorr   .            (no ring)
SInv    .            (no ring)
Will    .....        (no ring)
Stlth   +++          (no ring)
HPRegen 0.26/turn    (no ring)
MPRegen 0.12/turn    (no ring)
                     (no ring)

%: no passive effects
@: no status effects
A: almost no armour, amphibious, 8 rings, camouflage 1, gelatinous body 1,
(nimble swimmer 1), tentacles
a: no special abilities


You were on level 6 of the Dungeon.
You visited 1 branch of the dungeon, and saw 6 of its levels.

You collected 159 gold pieces.

Inventory:

Hand Weapons
 h - a +1 dagger of venom (weapon)
Jewellery
 e - a +6 ring of intelligence (left tentacle)
 j - a ring of ice
Wands
 k - a wand of light (19)
 q - a wand of flame (10)
Scrolls
 b - 5 scrolls of identify {unknown}
 c - a scroll of amnesia {unknown}
 f - 2 scrolls of enchant armour {unknown}
 i - a scroll of noise {unknown}
 l - a scroll of immolation {unknown}
 m - a scroll of enchant weapon {unknown}
 n - 2 scrolls of fear {unknown}
 r - a scroll of vulnerability {unknown}
Potions
 a - a potion of magic
 d - a potion of attraction {unknown}
 g - a potion of mutation {unknown}
 o - a potion of heal wounds {unknown}
 p - a potion of curing {unknown}


   Skills:
 - Level 2.0 Dodging
 - Level 3.0 Stealth
 + Level 3.8 Spellcasting
 - Level 1.0 Conjurations
 * Level 6.5 Alchemy


You had 8 spell levels left.
You knew the following spells:

 Your Spells              Type           Power      Damage    Failure   Level
a - Sting                 Conj/Alch      92%        1d8       1%          1
b - Mephitic Cloud        Conj/Alch/Air  17%        N/A       10%         3

Your spell library contained the following spells:

 Spells                   Type           Power      Damage    Failure   Level
 Mercury Vapours          Alch/Air       42%        N/A       3%          2
 Olgreb's Toxic Radiance  Alch           37%        N/A       6%          4
 Freeze                   Ice            16%        1d4       10%         1
 Hailstorm                Conj/Ice       7%         3d5       22%         3
 Sticky Flame             Fire/Alch      21%        2d6       24%         4
 Call Canine Familiar     Summ           4%         N/A       28%         3
 Frozen Ramparts          Ice            8%         1d2       28%         3
 Sigil of Binding         Hex            4%         N/A       28%         3
 Tukima's Dance           Hex            4%         N/A       28%         3
 Yara's Violent Unravell  Hex/Alch       10%        3d6       54%         5
 Dimensional Bullseye     Hex/Tloc       2%         N/A       67%         4
 Passage of Golubria      Tloc           4%         N/A       67%         4


Dungeon Overview and Level Annotations

Branches:
Dungeon (7/15)
 Temple: D:4-7

Altars:
Dithmenos
Vehumet

Annotations:
D:6 Pikel


Innate Abilities, Weirdness & Mutations

You cannot wear most types of armour.
You are amphibious.
You can wear up to eight rings at the same time.
Your skin changes colour to match your surroundings (Stealth+).
Your rubbery body absorbs attacks. (AC +1, EV +1)
((You are camouflaged when in or above water. (Stealth+)))
You have tentacles for arms and can constrict up to eight enemies at once.


Message History

Confirm with . or Enter, or press ? or * to list all spells.
Aiming: Sting (safe; 1% risk of failure)
Press: ? - help, Shift-Dir - straight line, f/p - Pikel
Aim: Pikel, wielding a +1 whip of freezing and wearing a +0 robe (moderately wounded, very poisoned, 70% to hit)
The sting hits Pikel but does no damage.
Pikel looks as sick as possible!
Pikel is moderately wounded.
Pikel hits you with a +1 whip of freezing!
Pikel freezes you.
Casting: Sting (safe; 1% risk of failure)
Confirm with . or Enter, or press ? or * to list all spells.
Aiming: Sting (safe; 1% risk of failure)
Press: ? - help, Shift-Dir - straight line, f/p - Pikel
Aim: Pikel, wielding a +1 whip of freezing and wearing a +0 robe (moderately wounded, extremely poisoned, 70% to hit)
The sting hits Pikel.
Pikel looks as sick as possible!
Pikel is heavily wounded.
The lemure shouts!
Pikel hits you with a +1 whip of freezing!
Pikel freezes you.
Casting: Sting (safe; 1% risk of failure)
Confirm with . or Enter, or press ? or * to list all spells.
Aiming: Sting (safe; 1% risk of failure)
Press: ? - help, Shift-Dir - straight line, f/p - Pikel
Aim: Pikel, wielding a +1 whip of freezing and wearing a +0 robe (heavily wounded, extremely poisoned, 70% to hit)
The sting hits Pikel.
Pikel looks as sick as possible!
Pikel is heavily wounded.
Pikel barely misses you.
Casting: Sting (safe; 1% risk of failure)
Confirm with . or Enter, or press ? or * to list all spells.
Aiming: Sting (safe; 1% risk of failure)
Press: ? - help, Shift-Dir - straight line, f/p - Pikel
Aim: Pikel, wielding a +1 whip of freezing and wearing a +0 robe (heavily wounded, extremely poisoned, 70% to hit)
The sting hits Pikel but does no damage.
Pikel looks as sick as possible!
Pikel is heavily wounded.
Pikel hits you with a +1 whip of freezing!
* * * LOW HITPOINT WARNING * * *
Pikel freezes you.
You die...
Pikel says, "Another soul for the market."

## ##.## ##...# #....#
#....# #....#######
#...5.55K@.###########
#..#.#####...........##
.5).##.#####.###.##.###.####
#### #.##....# #.##.# #....#
#.##.##.###.##.# #.##.#
#.##.##.....###.).###.#
#...>...############...
##......##.....# ##....
#........##.....# #.....


You could see Pikel (extremely poisoned) and 3 lemures.

Vanquished Creatures
  Eustachio (D:4)
  An orc priest (D:3)
  4 gnolls (D:3)
  5 adders
  A dart slug (D:3)
  3 ribbon worms (D:3)
  8 orcs
  11 ball pythons
  5 bats
  3 endoplasms
  2 giant cockroaches
  11 hobgoblins
  2 quokkas (D:1)
  2 frilled lizards
  5 goblins
  6 kobolds
  5 rats
75 creatures vanquished.

Notes
Turn   | Place    | Note
-------+----------+-------------------------------------------
     0 | D:1      | GiantSquids the Octopode Alchemist began the quest for the
                  | Orb.
     0 | D:1      | Reached XP level 1. HP: 11/11 MP: 3/3
   140 | D:1      | Reached XP level 2. HP: 17/17 MP: 3/5
   646 | D:2      | Reached skill level 4 in Alchemy
   646 | D:2      | Reached XP level 3. HP: 18/21 MP: 4/6
  1401 | D:3      | Reached XP level 4. HP: 27/27 MP: 6/8
  1679 | D:3      | Learned a level 3 spell: Mephitic Cloud
  1738 | D:3      | Found a radiant altar of Vehumet.
  1881 | D:3      | Reached skill level 5 in Alchemy
  1886 | D:3      | Reached XP level 5. HP: 27/31 MP: 1/9
  2008 | D:3      | Found a shadowy altar of Dithmenos.
  2961 | D:4      | Noticed Eustachio
  3290 | D:4      | Killed Eustachio
  3291 | D:4      | Reached skill level 6 in Alchemy
  3291 | D:4      | Reached XP level 6. HP: 28/36 MP: 4/11
  3351 | D:4      | You fall into a shaft and drop 3 floors!
  3484 | D:6      | Noticed Pikel
  3499 | D:6      | Slain by Pikel

Illustrated notes

Levels and vault maps discovered:
D:1:      tarquinn_simple_flora_water_c, layout_basic, hex_large
D:2:      layout_loops_ring
D:3:      minmay_razor_zed, layout_basic,
          nicolae_dithmenos_through_a_glass_darkly, vehumet_altar_wand_db,
          chequers_serial_rivers_large_b, minmay_misc_feat_iff
D:4:      layout_gridville, gammafunk_temple_overflow_wave, wad_floor_pattern_2,
          uniq_eustachio
D:6:      layout_loops_cross, nicolae_wu_jian_immortal_techniques, uniq_pikel,
          uniq_crazy_yiuf_cottage
D:7:      layout_cave_pools, minmay_temple_entry_fiery, uniq_menkaure,
          uniq_maurice

Skill      XL: |  1  2  3  4  5 |
---------------+----------------+-----
Stealth        | 3 |  3.0
Alchemy        | 4 5 6 |  6.5
Spellcasting   | 3 |  3.8
Dodging        | |  2.0
Conjurations   | |  1.0

Action                     |  1- 3 |  4- 6 || total
---------------------------+-------+-------++-------
  Melee: Unarmed           |    12 |       ||    12
         Constrict         |     8 |    15 ||    23
         Tentacles         |     3 |    13 ||    16
         Dagger            |     4 |    46 ||    50
   Cast: Sting             |    31 |    86 ||   117
 Armour: Skin              |    10 |    37 ||    47
  Dodge: Dodged            |    11 |    35 ||    46

Table legend: (Time is in decaauts)
 A = Elapsed time spent in this place.
 B = Non-inter-level travel time spent in this place.
 C = Inter-level travel time spent in this place.
 D = Time resting spent in this place.
 E = Time spent auto-exploring this place.
 F = Levels seen in this place.
 G = Mean time per level.
                   A        B        C        D        E       F      G
               +--------+--------+--------+--------+--------+-----+--------+
         Total |   3497 |   3265 |    232 |      0 |   2713 |   6 |  582.8 |
       Dungeon |   3497 |   3265 |    232 |      0 |   2713 |   6 |  582.8 |
               +--------+--------+--------+--------+--------+-----+--------+

Top non-repeatable levels by time:
     D:3: 1802 daAuts
     D:2: 752 daAuts
     D:1: 609 daAuts
     D:4: 185 daAuts
     D:6: 116 daAuts
     D:7: 30 daAuts
